[Event "Early-Titled-Tuesday-Blitz-May-14-2024"]
[Site "Chess.com"]
[Date "2024.05.14"]
[Round "2"]
[White "NikitaShnadrygin"]
[Black "urano56"]
[Result "1-0"]
[WhiteElo "2743"]
[BlackElo "2419"]
[TimeControl "180+1"]
[EndTime "8:19:17 PDT"]
[Termination "NikitaShnadrygin won by resignation"]

1. e4 c5 2. Nf3 d6 3. d4 cxd4 4. Nxd4 Nf6 5. Nc3 a6 6. Bg5 Nbd7 7. f4 Qc7 8. Qf3 g6 9. O-O-O Bg7 10. g4 O-O 11.
Be2 b5 12. Bxf6 Nxf6 13. g5 Bg4 14. Qe3 Bxe2 15. gxf6 Bxd1 16. fxg7 Kxg7 17. Rxd1 Qc5 18. f5 Rac8 19. Nd5 Rfe8 20. c3 b4 21. Kb1 bxc3 22.
Nxc3 Rb8 23. Qg3 Rb7 24. fxg6 hxg6 25. Nf5+ Kg8 26. Nh6+ Kg7 27. Nf5+ Kg8 28. Nd5 Reb8 29. b3 e6 30. Nf6+ Kf8 31. Nxd6 e5 32. Nxb7 Rxb7 33. Nd7+ Rxd7 34. Rxd7 Qb5 35. Rd1 Qe2 36. Qd3 Qg2 37. Qd8+ Kg7 38. Qd5 Qxh2 39. Rd2 Qg1+ 40. Kb2 Qg5 41.
Rf2 Qe7 42. a3 Qc7 43. Rc2 Qe7 44. Rd2 Qf6 45. b4 Qf4 46. Rc2 f5 47. exf5 gxf5 48.
Rc7+ Kf6 49. Rf7+ Kg5 50. Qe6 Qd2+ 51. Kb3 Qd1+ 52. Kc4 Qc2+ 53. Kd5 Qd3+ 54. Kc6 Qb5+ 55. Kc7 Qc4+ 56. Qxc4 1-0

[Event "Early-Titled-Tuesday-Blitz-May-14-2024"]
[Site "Chess.com"]
[Date "2024.05.14"]
[Round "2"]
[White "twitchTriniCupid"]
[Black "SirGerhard"]
[Result "1/2-1/2"]
[WhiteElo "2425"]
[BlackElo "2734"]
[TimeControl "180+1"]
[EndTime "8:19:17 PDT"]
[Termination "Game drawn by repetition"]

1. e4 c5 2. Nf3 d6 3. Bb5+ Nd7 4. a4 Nf6 5. Nc3 a6 6. Bc4 b6 7. O-O Bb7 8. Re1 e6 9. d3 Be7 10. Bg5 h6 11. Bh4 O-O 12. Bg3 Nh5 13. Bb3 Nxg3 14.
hxg3 Bf6 15. Qc1 Ne5 16. Ne2 d5 17. exd5 Nxf3+ 18. gxf3 exd5 19. Nf4 c4 20. dxc4 dxc4 21.
Bxc4 Bxf3 22. Qe3 Bg4 23. Qb3 Bd4 24. c3 Bc5 25. Bd5 Ra7 26. Kg2 Rd7 27. f3 Bf5 28. Rad1 Qg5 29. Nh3 Qf6 30. g4 Bg6 31. Be4 Rxd1 32. Qxd1 Rd8 33. Qc2 Bxe4 34. Rxe4 Qc6 35. Re2 Bf8 36. Nf2 b5 37. axb5 axb5 38. Ne4 Qc4 39.
b3 Qc6 40. c4 bxc4 41. Qxc4 Qb6 42. Rc2 Qg6 43. Re2 h5 44. Ng3 hxg4 45. Qxg4 Qxg4 46.
fxg4 Rd4 47. Kf3 g6 48. Re4 Rd3+ 49. Re3 Rd4 50. Ne4 Be7 51. Nf2 Kf8 52. Rd3 Rb4 53.
Ne4 f5 54. gxf5 gxf5 55. Nd2 Bg5 56. Nc4 Rb5 57. Kg3 Ke7 58. Kf3 Ke6 59. Ne3 Bxe3 60. Kxe3 Ke5 61. Kf3 Rb4 62. Rc3 Rh4 63. Kg3 Rh1 64.
Kg2 Rb1 65. Kf3 Rf1+ 66. Ke2 Rb1 67. Kf3 Rf1+ 68. Ke2 Rb1 69. Kf3 1/2-1/2

[Event "Early-Titled-Tuesday-Blitz-May-14-2024"]
[Site "Chess.com"]
[Date "2024.05.14"]
[Round "2"]
[White "cthulhuuu"]
[Black "Witik"]
[Result "1-0"]
[WhiteElo "2426"]
[BlackElo "2763"]
[TimeControl "180+1"]
[EndTime "8:19:17 PDT"]
[Termination "cthulhuuu won by resignation"]

1. e4 c6 2. d3 d5 3. Nd2 e5 4. Ngf3 Bd6 5. d4 exd4 6. exd5 Nf6 7. dxc6 Nxc6 8. Nb3 Bb4+ 9. Bd2 Be7 10. Bb5 O-O 11.
Bxc6 bxc6 12. Nbxd4 Ba6 13. Be3 Qa5+ 14. Qd2 Qd5 15. Nb3 Qh5 16. O-O-O Nd5 17. Qa5 Be2 18. Rd4 Bxf3 19. gxf3 Qxf3 20. Rg1 Nxe3 21. Qe5 Bf6 22. Qxe3 Qxe3+ 23. fxe3 Bxd4 24. Nxd4 Rfe8 25. Rg3 c5 26. Nf5 g6 27. Nd6 Re6 28. Nc4 Rd8 29. b3 Kg7 30.
Rg5 Rc8 31. a4 Rf6 32. Kb2 Rf2 33. h4 Rh2 34. Rg4 Rd8 35. a5 h5 36. Rf4 a6 37.
Ne5 f6 38. Nc4 Rg2 39. Re4 Rd7 40. Re6 Rf7 41. Rxa6 Rg4 42. Rb6 Rxh4 43. a6 Kh6 44.
Rb7 Rf8 45. a7 Ra8 46. Nb6 Rxa7 47. Rxa7 Re4 48. Nd5 h4 49. Nxf6 Re6 50. Rh7+ Kg5 51. Nd5 Kg4 52. Nf4 Rd6 53. Kc3 g5 54. Nd3 Kg3 55.
Nxc5 g4 56. Ne4+ Kf3 57. Nxd6 h3 58. Nf5 Ke4 59. Ng3+ Kf3 60. Nf5 Ke4 61. Rh5 1-0

[Event "Early-Titled-Tuesday-Blitz-May-14-2024"]
[Site "Chess.com"]
[Date "2024.05.14"]
[Round "2"]
[White "Chess4always"]
[Black "David_ATM"]
[Result "0-1"]
[WhiteElo "2029"]
[BlackElo "2456"]
[TimeControl "180+1"]
[EndTime "8:19:17 PDT"]
[Termination "David_ATM won by resignation"]

1. d4 d5 2. Nf3 c6 3. c3 Nf6 4. Bg5 Bf5 5. Bxf6 exf6 6. Nbd2 Nd7 7. Nh4 Be4 8. e3 Bd6 9. Nhf3 h6 10. Qb3 Qb6 11.
Qxb6 Nxb6 12. c4 Bxf3 13. gxf3 dxc4 14. Nxc4 Bb4+ 15. Kd1 Nd7 16. a3 Be7 17. Bd3 g6 18. h4 h5 19. f4 f5 20. Ke2 O-O-O 21. b4 Rhe8 22. Rhd1 Kc7 23. Rac1 Bxh4 24. Ne5 Nxe5 25. dxe5 f6 26. exf6 Bxf6 27. Rg1 Rg8 28. Rc2 h4 29. Rg2 g5 30. fxg5 f4 31. exf4 Rge8+ 32. Kd2 Bd4 33.
Rc4 Bb2 34. a4 Rd5 35. Kc2 Bd4 36. f3 Red8 37. Be4 R5d6 38. f5 Be5 39. Kb3 h3 40. Rg1 h2 41. Rh1 Rd1 42. Rc1 R1d2 43. f6 Rb2+ 44. Ka3 Rdd2 45. f7 Ra2+ 46. Kb3 Rdb2+ 47. Kc4 Bg7 48. f4 Rxa4 49. Bf5 Raxb4+ 50. Kd3 R2b3+ 51. Ke2 Rb2+ 52. Kf3 R4b3+ 53. Kg4 a5 54. Rce1 a4 55. Re7+ Kb6 56. Re8 a3 57. f8=Q Bxf8 58. Rxf8 a2 59. Ra8 Rb5 60. Kh3 Rxf5 61. Rxh2 Rxh2+ 62. Kxh2 Rxf4 63. Rxa2 Rg4 64. Rb2+ Kc7 65. Rg2 Rxg2+ 66. Kxg2 Kd6 67. Kg3 Ke6 68. Kg4 Kf7 69. Kf5 Kg7 70. Ke5 b5 71.
Kd4 Kg6 72. Kc5 Kxg5 73. Kxc6 b4 74. Kb5 b3 0-1

[Event "Early-Titled-Tuesday-Blitz-May-14-2024"]
[Site "Chess.com"]
[Date "2024.05.14"]
[Round "2"]
[White "CarlosjPineror"]
[Black "laiciffOneslraCsungaM"]
[Result "0-1"]
[WhiteElo "2724"]
[BlackElo "2410"]
[TimeControl "180+1"]
[EndTime "8:19:18 PDT"]
[Termination "laiciffOneslraCsungaM won by resignation"]

1. e4 e6 2. d3 d5 3. Nd2 Nf6 4. Ngf3 Nc6 5. c3 Bd6 6. g3 dxe4 7. dxe4 e5 8. Bg2 O-O 9. Qe2 a5 10. O-O a4 11. Rd1 Qe7 12. h3 b6 13. Qe1 Ba6 14. Bf1 Bxf1 15. Nxf1 h6 16. Nh4 Bc5 17.
Nf5 Qe6 18. Qe2 Ne7 19. g4 Ng6 20. Qf3 Nf4 21. Re1 Rfe8 22. Bxf4 exf4 23. e5 Nd5 24. a3 Rad8 25. Rad1 g5 26. Nd2 Ne7 27. Nxe7+ Qxe7 28. Nc4 Rxd1 29. Rxd1 Rd8 30. Kf1 b5 31. Rxd8+ Qxd8 32. Na5 Qd2 33. Nb7 Bb6 34. Kg2 Qxb2 35.
Nd8 Qxa3 36. Qd5 Qe7 37. e6 fxe6 38. Nxe6 Qd6 39. Qe4 Kf7 40. Qf5+ Ke7 41. Nf8 Qc5 42.
Ng6+ Kd6 43. Qf8+ Kc6 44. Qf6+ Kb7 45. Kf3 Qxf2+ 46. Ke4 Qe3+ 47. Kf5 Qd3+ 48. Ke6 Qe4+ 49. Kf7 Qc6 50. Qe5 Qc5 51. Qe4+ Qc6 52. Qe5 a3 53. Ne7 Qc4+ 54. Ke8 a2 55. Qf5 a1=Q 56. Qc8+ Ka7 57. Qd7 Qaxc3 58. Nc8+ Kb8 59. Nxb6 cxb6 0-1

[Event "Early-Titled-Tuesday-Blitz-May-14-2024"]
[Site "Chess.com"]
[Date "2024.05.14"]
[Round "2"]
[White "ChadBiryani"]
[Black "LeoWin2012"]
[Result "1-0"]
[WhiteElo "2541"]
[BlackElo "2314"]
[TimeControl "180+1"]
[EndTime "8:19:18 PDT"]
[Termination "ChadBiryani won by resignation"]

1. d4 d5 2. Nc3 Nc6 3. e4 dxe4 4. d5 Nb4 5. a3 Na6 6. Nxe4 e6 7. Bxa6 bxa6 8.
dxe6 Qxd1+ 9. Kxd1 Bxe6 10. Ne2 O-O-O+ 11. Ke1 Be7 12. Be3 Nf6 13. N2c3 Nxe4 14. Nxe4 Bd5 15. Nc3 Bf6 16. Nxd5 Rxd5 17. c3 Re8 18. Ke2 Bg5 19.
Rhd1 Rb5 20. b4 Bxe3 21. fxe3 Rh5 22. h3 Rg5 23. g4 h5 24. Kf3 hxg4+ 25. hxg4 f5 26.
gxf5 Rxf5+ 27. Ke2 Ref8 28. Rg1 g5 29. Rg2 Re8 30.
Rag1 Ree5 31. Rg4 a5 32. e4 axb4 33. axb4 Rf6 34. Kd3 Rd6+ 35. Ke3 Rde6 36. Kd4 a5 37. bxa5 Rxa5 38. Rxg5 Rd6+ 39. Rd5 Raxd5+ 40. exd5 c6 41. Rg8+ Kc7 42. Rg7+ Kc8 43. Kc5 Rxd5+ 44. Kxc6 Rd8 45. c4 Rh8 46. Rg6 Rf8 47. c5 Rh8 48. Kb6 Rh1 49. Rg8+ Kd7 50. c6+ Kd6 51. Rd8+ Ke7 52. Rd4 Rb1+ 53.
Kc7 Rc1 54. Re4+ Kf6 55. Kb7 Rb1+ 56. Kc8 Kf5 57. Re2 Rc1 58. c7 Kf6 59. Rb2 Ke7 60. Kb7 Kd7 61. Rd2+ Ke7 62. c8=Q Rb1+ 63. Ka6 Ra1+ 64. Kb5 Rb1+ 65. Ka4 Ra1+ 66. Kb3 Rb1+ 67. Ka2 Rb8 68. Qxb8 1-0

[Event "Early-Titled-Tuesday-Blitz-May-14-2024"]
[Site "Chess.com"]
[Date "2024.05.14"]
[Round "2"]
[White "ccccvhhhj"]
[Black "SujanaLohani"]
[Result "1-0"]
[WhiteElo "2451"]
[BlackElo "1950"]
[TimeControl "180+1"]
[EndTime "8:19:18 PDT"]
[Termination "ccccvhhhj won by checkmate"]

1. e4 c5 2. Nf3 g6 3. d4 cxd4 4.
Nxd4 Nc6 5. Nc3 Bg7 6. Be3 Nf6 7. Nxc6 bxc6 8. e5 Ng8 9. Bd4 Nh6 10. e6 O-O 11.
Bxg7 Kxg7 12. exd7 Bxd7 13. Qd4+ f6 14. O-O-O Bg4 15.
f3 Qxd4 16. Rxd4 Be6 17. Ba6 Bf7 18. Bb7 Nf5 19. Rd7 Rad8 20. Bxc6 Nd4 21. Rxd8 Rxd8 22. Be4 e5 23. b3 Rc8 24. Kb2 f5 25. Bd3 Kf6 26.
a4 Rb8 27. Rc1 h5 28. Ne2 Nc6 29. Bb5 Ne7 30. Rd1 Bd5 31. Nc3 Bb7 32. Rd6+ Kg7 33. Rd7 Kf6 34. Bc4 a6 35. Rd6+ Kg7 36. Re6 Nc6 37. Bd5 Rc8 38. Bxc6 Bxc6 39. Rxe5 Kf6 40. Rc5 Ke6 41. Rc4 Kd6 42. Rd4+ Ke5 43. Rd1 Kf6 44. b4 h4 45. h3 g5 46. Kb3 Ke7 47. b5 Bd7 48. b6 Rb8 49. a5 Be6+ 50. Kb4 Rc8 51. Nd5+ Bxd5 52. Rxd5 Rxc2 53. Rxf5 Rxg2 54. Rc5 Rb2+ 55.
Kc4 Rf2 56. Rc7+ Kd6 57. Rg7 Rxf3 58. Rxg5 Rxh3 59. Rg6+ Kd7 60. Rg7+ Kc8 61. Ra7 Kb8 62. Rxa6 Rh1 63. Ra7 Rc1+ 64. Kb5 h3 65. Rh7 h2 66. Rh8+ Kb7 67. a6# 1-0

[Event "Early-Titled-Tuesday-Blitz-May-14-2024"]
[Site "Chess.com"]
[Date "2024.05.14"]
[Round "2"]
[White "MatthewG-p4p"]
[Black "manmanlai1"]
[Result "0-1"]
[WhiteElo "2828"]
[BlackElo "2596"]
[TimeControl "180+1"]
[EndTime "8:19:19 PDT"]
[Termination "manmanlai1 won by resignation"]

1. e4 c5 2. c3 e6 3. d4 d5 4. e5 Qb6 5. Nf3 Bd7 6. Be2 Bb5 7. dxc5 Bxc5 8. b4 Bxe2 9. Qxe2 Bf8 10. O-O Nd7 11. Be3 Qc7 12. Bd4 Ne7 13. Na3 a6 14.
Nc2 Nf5 15. Rac1 Be7 16. Ne3 Nxe3 17. fxe3 O-O 18. e4 Nb6 19. exd5 Nxd5 20. Qe4 Rac8 21. a4 a5 22. b5 Qc4 23. Qc2 Bc5 24. Bxc5 Qxc5+ 25. Qf2 Qxf2+ 26. Kxf2 Nxc3 27. Ra1 Rfd8 28. Rfc1 h6 29. Ke3 Kf8 30. h3 Ke7 31. h4 g6 32.
Kf2 b6 33. Kf1 Rc5 34. Re1 Rd3 35. Ra3 Rdd5 36. Re3 Nd1 37. Re1 Nb2 38. Rb1 Nc4 39. Ra2 Nxe5 40. Nxe5 Rxe5 41. Rd2 Re4 42. Rbd1 Rxa4 43.
Rd7+ Kf6 44. Rb7 Rxb5 45. Kg1 Kg7 46. Rdd7 Rf5 47. Rxb6 Rxh4 48. Ra6 a4 49. Rxe6 Ra5 50. Ree7 Rf4 51. Rd2 a3 52. Ra2 Rf6 53. Re3 Rfa6 54.
Rf3 Ra4 55. Rb3 Ra7 56. Re3 h5 57. Rb3 f6 58. Rg3 g5 59. Rb3 Kg6 60. Rf3 h4 61.
Rb3 R7a6 62. Rf3 g4 63. Rb3 Kg5 64. Kh2 f5 65. Rc3 Re6 66. Raxa3 Rxa3 67. Rxa3 Re1 68. g3 Re2+ 69. Kg1 hxg3 70. Rxg3 f4 71. Rb3 f3 72.
Kf1 Kh4 73. Rb6 Kg3 74. Rb1 Ra2 75. Kg1 Rg2+ 76. Kh1 Rh2+ 77. Kg1 f2+ 78. Kf1 Rh1+ 0-1

[Event "Early-Titled-Tuesday-Blitz-May-14-2024"]
[Site "Chess.com"]
[Date "2024.05.14"]
[Round "2"]
[White "arenal72"]
[Black "tjychess"]
[Result "0-1"]
[WhiteElo "2628"]
[BlackElo "2942"]
[TimeControl "180+1"]
[EndTime "8:19:23 PDT"]
[Termination "tjychess won by checkmate"]

1. Nf3 d5 2. g3 Nf6 3. Bg2 c6 4. O-O Bg4 5. h3 Bh5 6. d3 Nbd7 7.
c4 dxc4 8. dxc4 e5 9. Nc3 Be7 10.
Qc2 O-O 11. Nh4 Re8 12. g4 Bg6 13. Nxg6 hxg6 14. Be3 Qc7 15. Rfd1 Nc5 16. b4 Ne6 17. c5 Rad8 18. Rxd8 Rxd8 19. Rd1 Nd4 20. Qb2 Nh7 21.
Bxd4 exd4 22. Ne4 f5 23. gxf5 gxf5 24. Ng3 g6 25. Rxd4 Bf6 26. Rxd8+ Qxd8 27. Qc2 a6 28. e3 Kg7 29. a4 Qd7 30. f4 Nf8 31. e4 Qd4+ 32. Kh2 Qxb4 33. e5 Be7 34. Nxf5+ gxf5 35. Qxf5 Qxc5 36. Qg4+ Kf7 37. Qh5+ Ke6 38. Qg4+ Kf7 39. Qh5+ Kg7 40. Qg4+ Kh6 41. Qg8 Qf2 42. Qf7 Qh4 43.
f5 Qf4+ 44. Kh1 Qc1+ 45. Kh2 Qf4+ 46. Kh1 Qxe5 47. Bf3 Qf6 48. Qh5+ Kg7 49. h4 Qxh4+ 50. Qxh4 Bxh4 51. Kg2 Kf6 52. Kh3 Bg5 53. Kg4 Nd7 54. Be2 a5 55. Bd3 Nc5 56. Bc2 b5 57. axb5 cxb5 58.
Kf3 Ke5 59. Ke2 a4 60. Bb1 b4 61. Kd1 Kd4 62. Kc2 Kc4 63. Kb2 Bf6+ 64. Ka2 Kc3 65. Ka1 Kb3# 0-1

[Event "Early-Titled-Tuesday-Blitz-May-14-2024"]
[Site "Chess.com"]
[Date "2024.05.14"]
[Round "2"]
[White "ahmedkandiliii"]
[Black "Zhigalko_Sergei"]
[Result "1-0"]
[WhiteElo "2616"]
[BlackElo "2859"]
[TimeControl "180+1"]
[EndTime "8:19:23 PDT"]
[Termination "ahmedkandiliii won on time"]

1. e4 c5 2. Nf3 Nc6 3. d4 cxd4 4. Nxd4 Nf6 5. Nc3 e5 6. Nxc6 bxc6 7. Bd3 Bc5 8. O-O O-O 9. Qf3 Rb8 10. Bg5 Bd4 11. Rab1 d6 12. Ne2 Rxb2 13. Nxd4 Rxb1 14. Rxb1 exd4 15. Rb8 Qa5 16. Bxf6 Qe1+ 17. Bf1 Ba6 18. h3 Rxb8 19. Qg3 g6 20. Qf4 Rb1 21. Qh6 Qxf2+ 22. Kxf2 Rxf1+ 23. Kg3 Rxf6 24. Qd2 c5 25. Qa5 Bc4 26.
Qxa7 Re6 27. Qb7 Kg7 28. a4 d3 29. cxd3 Bxd3 30. a5 Bxe4 31. Qb2+ Kg8 32. a6 Re8 33. a7 Ra8 34. Qb6 f5 35. Qxd6 Kg7 36. Qxc5 Kh6 37. Kf4 Bxg2 38. Ke5 Be4 39. Kf6 Kh5 40. Qe3 Kh4 41.
Qh6+ Kg3 42. Qe3+ Kg2 43. Kg5 h6+ 44. Kxh6 Rh8+ 45. Kg5 Rxh3 46. Qxe4+ fxe4 47. a8=Q Kf3 48. Qf8+ Ke2 49. Qa8 Rg3+ 50. Kf4 Rf3+ 51. Kxe4 Re3+ 52. Kf4 Rd3 53. Qa2+ Rd2 54. Qc4+ Kd1 55. Ke3 g5 56. Qc3 Rf2 57. Kxf2 g4 58. Ke3 1-0

[Event "Early-Titled-Tuesday-Blitz-May-14-2024"]
[Site "Chess.com"]
[Date "2024.05.14"]
[Round "2"]
[White "betta2004"]
[Black "DreamsAreFake"]
[Result "0-1"]
[WhiteElo "2500"]
[BlackElo "2772"]
[TimeControl "180+1"]
[EndTime "8:19:23 PDT"]
[Termination "DreamsAreFake won by resignation"]

1. Nf3 Nf6 2. e3 b6 3. b3 Bb7 4. Bb2 g6 5. Be2 Bg7 6. O-O O-O 7. c4 c5 8. d4 cxd4 9. exd4 d5 10. Re1 Nc6 11.
Ne5 Rc8 12. Bf3 e6 13. Nd2 Nd7 14. cxd5 Ndxe5 15. dxe5 exd5 16. Nf1 Ne7 17. Ng3 Rc7 18. Qe2 Re8 19. e6 Nc8 20. Bxg7 Kxg7 21. Qb2+ Kg8 22. exf7+ Rxf7 23. Qd4 Rxe1+ 24. Rxe1 Ne7 25. h4 Qd6 26. h5 Rf4 27. Qe3 Rf7 28. hxg6 hxg6 29. Qg5 Bc8 30. Rd1 Bf5 31. Ne2 Rh7 32.
g3 Rf7 33. Nd4 Bd7 34. Kg2 a5 35. Rh1 Qf6 36. Qe3 Bc8 37. Rc1 g5 38. Rxc8+ Nxc8 39. Bxd5 Nd6 40. Nf3 Kg7 41. Bxf7 Nxf7 42. Qd4 Qxd4 43.
Nxd4 Kf6 44. Kf3 Ke5 45. Ke3 Kd5 46. f4 g4 47. Kd3 Nd6 48. Ne2 Nf5 49. a3 Kc5 50.
Ke4 Nd6+ 51. Ke5 Nb5 52. a4 Na7 53. f5 Kb4 54. f6 Nc6+ 55. Kd6 Nd8 56. Ke7 Nc6+ 57.
Kd7 Ne5+ 58. Ke6 Ng6 59. f7 Kxb3 60. Kf6 Nf8 61. Nd4+ Kxa4 62. Ne6 Nd7+ 63. Ke7 Ne5 64. f8=Q Ng6+ 65. Kd6 Nxf8 66. Nxf8 b5 67. Kc5 b4 68. Kc4 Ka3 69. Nd7 b3 70. Nb6 b2 71. Kc3 b1=Q 72.
Nc4+ Ka2 73. Nd2 Qb2+ 0-1

[Event "Early-Titled-Tuesday-Blitz-May-14-2024"]
[Site "Chess.com"]
[Date "2024.05.14"]
[Round "2"]
[White "Iunusovnuriddin"]
[Black "MathiasWomacka"]
[Result "1-0"]
[WhiteElo "2348"]
[BlackElo "2533"]
[TimeControl "180+1"]
[EndTime "8:19:23 PDT"]
[Termination "Iunusovnuriddin won on time"]

1. d4 Nf6 2. Nf3 e6 3. Bf4 c5 4. e3 d5 5. c3 Bd6 6. Nbd2 O-O 7.
Bg3 Qc7 8. Bd3 Nbd7 9. Bxd6 Qxd6 10. O-O b6 11. Re1 Bb7 12. e4 dxe4 13. Nxe4 Nxe4 14. Bxe4 Bxe4 15. Rxe4 Nf6 16. Re1 Rfd8 17. Qe2 Qf4 18. Rad1 cxd4 19. Nxd4 Rac8 20. Nc6 Rxd1 21. Rxd1 Qc7 22. Nd4 h6 23. h3 Qc4 24. Qxc4 Rxc4 25. Kf1 a6 26. Ke2 Kf8 27. Kd3 Rc7 28. Re1 Nd5 29. g3 g6 30. a3 Ke7 31. c4 Nf6 32. b4 Nd7 33. f4 Kd6 34. Nf3 f6 35.
Nd4 e5 36. Nf3 exf4 37. gxf4 g5 38. fxg5 hxg5 39. Kd4 Rc8 40. h4 g4 41. Nh2 f5 42. Rf1 Ke6 43. Rf4 Nf6 44. c5 bxc5+ 45. bxc5 Rd8+ 46. Kc4 Ke5 47. Rf1 Rd4+ 48. Kc3 Nd5+ 49.
Kb3 Rd2 50. Re1+ Kf4 51. Nf1 g3 52. Nxd2 g2 53. h5 Kg3 54. h6 Nf6 55. c6 f4 56. c7 f3 57. c8=Q f2 58. Qc7+ Kg4 59. Qc1 fxe1=Q 60. Qxe1 Kh3 61. Qg1 Nh7 62. Ne4 a5 63. a4 Nf8 64. Qf2 1-0

[Event "Early-Titled-Tuesday-Blitz-May-14-2024"]
[Site "Chess.com"]
[Date "2024.05.14"]
[Round "2"]
[White "Let_it_be_1"]
[Black "dretch"]
[Result "1-0"]
[WhiteElo "2629"]
[BlackElo "2892"]
[TimeControl "180+1"]
[EndTime "8:19:27 PDT"]
[Termination "Let_it_be_1 won by checkmate"]

1. e4 e6 2. d4 d5 3. Nd2 c5 4. Ngf3 cxd4 5. exd5 Qxd5 6. Bc4 Qd6 7. O-O Nf6 8. Nb3 Be7 9. Nfxd4 O-O 10. Re1 Bd7 11. Qf3 Nc6 12. c3 Ne5 13. Qe2 Nxc4 14. Qxc4 Rac8 15.
Qe2 Nd5 16. Qg4 Bf6 17. Qf3 b5 18. Bd2 b4 19. cxb4 Nxb4 20. Bc3 Nd5 21. Bd2 Rc4 22. Bc3 Rfc8 23. Rac1 Qa6 24. a3 Qb6 25. h3 Nxc3 26. Rxc3 Rxc3 27. bxc3 e5 28. Nf5 Qxb3 29. Nd6 Qxc3 30.
Nxc8 Qxe1+ 31. Kh2 Bxc8 32. Qc6 g6 33. Qxc8+ Kg7 34.
Qd7 Qxf2 35. Qxa7 Bg5 36. Qxf2 Bf4+ 37. g3 Bg5 38. Qf3 f5 39. g4 e4 40. Qe2 Bf4+ 41.
Kg2 Kf6 42. gxf5 gxf5 43. a4 Bc7 44. Qc4 Bd8 45. h4 Ke5 46. Qc5+ Ke6 47. Qc6+ Ke7 48.
Qc5+ Ke6 49. Kg3 Be7 50. Qc6+ Bd6+ 51. Kf2 Ke5 52. Qb5+ Kf4 53. Qd5 Bc7 54. h5 Bb6+ 55.
Ke2 Kg4 56. Qg8+ Kf4 57. Qxh7 Bd4 58. Qh6+ Ke5 59. Qg5 Ke6 60. Qg6+ Bf6 61. h6 Ke5 62. h7 Bh8 63. Qg8 Bf6 64. h8=Q f4 65. Qe8+ Kd6 66. Qef8+ Kc6 67. Qfxf6+ Kd5 68. Qxf4 Kc4 69. Qhe5 Kb3 70. Qexe4 Ka3 71. Qee3+ Ka2 72. Kf3 Kb1 73. Kg4 Kc2 74. Qff2+ Kb1 75. Qee1# 1-0

[Event "Early-Titled-Tuesday-Blitz-May-14-2024"]
[Site "Chess.com"]
[Date "2024.05.14"]
[Round "2"]
[White "Lennis93"]
[Black "VacheH009"]
[Result "1-0"]
[WhiteElo "2793"]
[BlackElo "2552"]
[TimeControl "180+1"]
[EndTime "8:19:27 PDT"]
[Termination "Lennis93 won by checkmate"]

1. d4 Nf6 2. Nf3 g6 3. c4 Bg7 4.
Nc3 O-O 5. e4 d6 6. Bd3 e5 7. d5 a5 8. h3 Na6 9. Be3 Nh5 10. g3 Qe8 11. a3 Bd7 12. Qe2 f5 13. exf5 gxf5 14. Ng5 a4 15. g4 Nf4 16. Bxf4 exf4 17.
Ne6 Bxe6 18. dxe6 f3 19. Qe3 f4 20. Qe4 Rf6 21. Qxh7+ Kf8 22. O-O-O Rxe6 23. Nd5 Qf7 24.
g5 c6 25. g6 Qd7 26. Nxf4 Re5 27. h4 Qe7 28. h5 Qf6 29. h6 Qxf4+ 30. Kb1 Re7 31.
hxg7+ Rxg7 32. Qh8+ Rg8 33. Qc3 Nc5 34. Bc2 Qe5 35. Qb4 Rg7 36. Rh8+ Rg8 37. Rh7 Rg7 38. Rdh1 Rxh7 39. gxh7 Qh8 40. Qd2 Ke7 41. Qg5+ Kd7 42. Bf5+ Kc7 43. Rh6 Rf8 44. Qf4 Kb6 45. Qxd6 Rxf5 46.
Qg6 Rf8 47. Rh5 Qd4 48. Qg8 Qd1+ 49. Ka2 Qb3+ 50. Kb1 Nd3 51. Qg7 Qd1+ 52. Ka2 Qb3+ 53. Kb1 Re8 54. Qd4+ Ka6 55. Rh1 Re2 56. h8=Q Nxb2 57.
Qxb2 Qd3+ 58. Ka1 Re4 59. Qhc3 Qd6 60. Qcc2 Rd4 61. Qxa4# 1-0

[Event "Early-Titled-Tuesday-Blitz-May-14-2024"]
[Site "Chess.com"]
[Date "2024.05.14"]
[Round "2"]
[White "RantomOpening"]
[Black "MariaFominykh"]
[Result "1-0"]
[WhiteElo "2546"]
[BlackElo "2314"]
[TimeControl "180+1"]
[EndTime "8:19:29 PDT"]
[Termination "RantomOpening won on time"]

1. e4 e6 2. d3 d5 3. Nf3 Nf6 4.
Nbd2 c5 5. g3 Nc6 6. Bg2 Be7 7.
O-O dxe4 8. Nxe4 Nxe4 9. dxe4 O-O 10. c3 b6 11. Qc2 Qc7 12. Bf4 e5 13. Be3 Be6 14.
Rfd1 Rfd8 15. Ng5 Bg4 16. f3 Bh5 17. g4 Bg6 18. Nh3 h5 19. Nf2 hxg4 20. Nxg4 c4 21.
Bf2 Na5 22. Ne3 Bc5 23. Nd5 Bxf2+ 24. Qxf2 Qb7 25. Qg3 Nc6 26. Bf1 b5 27. h4 Rd6 28.
Qg5 Rad8 29. Be2 Bxe4 30. fxe4 Rg6 31. Qxg6 fxg6 32. Rf1 Ne7 33. Rad1 Nxd5 34. exd5 Rxd5 35. Bf3 Qb6+ 36. Kg2 Rxd1 37. Rxd1 Qe3 38. Rd5 e4 39. Bd1 Qf4 40. Rd8+ Kh7 41. Kh3 Qf1+ 42. Kg3 Qf6 43. Rd4 Qe5+ 44. Kf2 Qf4+ 45. Ke2 Qxh4 46. Ke3 Qg3+ 47.
Kxe4 Qg2+ 48. Bf3 Qxb2 49. Ke5 Qxc3 50. Bd5 b4 51. Bxc4 g5 52. Kd5 a5 53. Bd3+ Kh6 54. Ke4 Qc6+ 55. Ke5 Qf6+ 56. Ke4 Qe6+ 57. Kf3 Qf6+ 58. Ke3 Qe5+ 59. Be4 Qc5 60. Bd3 a4 61. Ke4 b3 62. axb3 axb3 63. Rc4 Qe7+ 64. Kd4 Qb7 65. Rc1 Qb6+ 66. Kc3 Qc5+ 67. Kb2 Qd4+ 68. Rc3 g4 69. Kxb3 g3 70. Rc6+ Kh5 71. Be2+ Kg5 72. Bf3 Qe3+ 73. Rc3 Qe6+ 74. Kc2 Qf5+ 75. Kd2 Qf4+ 76. Ke2 Qe5+ 77. Re3 1-0

[Event "Early-Titled-Tuesday-Blitz-May-14-2024"]
[Site "Chess.com"]
[Date "2024.05.14"]
[Round "2"]
[White "RianKapriaga"]
[Black "subham777"]
[Result "0-1"]
[WhiteElo "2291"]
[BlackElo "2531"]
[TimeControl "180+1"]
[EndTime "8:19:29 PDT"]
[Termination "subham777 won on time"]

1. d4 d5 2. Nf3 Nf6 3. Bf4 e6 4. e3 Bd6 5. Bg3 O-O 6. Nbd2 Ne4 7. Bxd6 Qxd6 8. Nxe4 dxe4 9. Nd2 f5 10. Bc4 Rf6 11. c3 Rg6 12. g3 Nd7 13. a4 a5 14.
Qb3 b6 15. Rd1 Bb7 16. Bb5 c6 17. Bc4 Rb8 18. O-O Rh6 19. f4 Bc8 20. Rf2 Nf6 21. Be2 b5 22. Rg2 Bd7 23. Kh1 Nd5 24.
Nf1 bxa4 25. Qa2 a3 26. Bc4 Rxb2 27. Rxb2 axb2 28. Bxd5 exd5 29. Qxb2 Rf6 30. Ra1 h6 31. Rxa5 Rf8 32. Qa2 Rb8 33. Ra8 Kh7 34. Rxb8 Qxb8 35. h3 Qb5 36. Kg2 Bc8 37. g4 Ba6 38. Ng3 fxg4 39.
hxg4 Qd3 40. Qf2 Qxc3 41. f5 c5 42. f6 gxf6 43. Qxf6 Qd2+ 44. Kh3 Qxe3 45. Qxa6 Qg5 46. Qb7+ Qg7 47. Qxd5 Qxd4 48. Qb7+ Kg8 49. Qxe4 Qxe4 50. Nxe4 c4 51. Kg3 Kg7 52. Kf4 Kg6 53. Ng3 c3 54. Ne2 c2 0-1

[Event "Early-Titled-Tuesday-Blitz-May-14-2024"]
[Site "Chess.com"]
[Date "2024.05.14"]
[Round "2"]
[White "YouJustFoundYourGodfather"]
[Black "sterpfi"]
[Result "1-0"]
[WhiteElo "2548"]
[BlackElo "2327"]
[TimeControl "180+1"]
[EndTime "8:19:30 PDT"]
[Termination "YouJustFoundYourGodfather won by checkmate"]

1. b3 d5 2. Bb2 c5 3. Nf3 f6 4.
e3 e5 5. d3 Nc6 6. Be2 Be6 7.
O-O Qd7 8. a3 Bd6 9. c4 d4 10.
exd4 exd4 11. b4 b6 12. Re1 Nge7 13. Nbd2 O-O 14. Bf1 cxb4 15. axb4 Bxb4 16. Qa4 Bg4 17.
Re4 Rfd8 18. h3 Bf5 19. Ree1 Bc3 20. Qa3 Bxb2 21. Qxb2 Ng6 22. Nb3 Nge5 23. Nxe5 Nxe5 24. Rad1 a5 25. f4 Ng6 26. g4 Bxg4 27. hxg4 Qxg4+ 28. Qg2 Qh4 29. Re4 a4 30. Nxd4 Nxf4 31. Qxg7+ Kxg7 32. Nf5+ Kh8 33. Nxh4 Ng6 34. Nxg6+ hxg6 35. Re6 Kg7 36.
Rxb6 a3 37. Ra1 a2 38. Rb2 f5 39. Raxa2 Rxa2 40. Rxa2 Kf6 41. Ra5 g5 42. Kf2 g4 43.
Kg3 Kg5 44. Be2 Re8 45. Bxg4 Re3+ 46. Kf2 Rxd3 47. Bxf5 Rc3 48. Bd3+ Kf4 49. Ke2 Rc1 50. Rf5+ Kg4 51. Rf8 Ra1 52. Ke3 Ra3 53. Kd4 Kg5 54.
c5 Kh6 55. Bc4 Kg7 56. Rf7+ Kg6 57. Rf4 Ra4 58. c6 Kg5 59. Rf8 Ra7 60. Kc5 Rh7 61. Kb6 Kg4 62. c7 Rh6+ 63. Kb7 Rh1 64. c8=Q+ Kg3 65.
Rg8+ Kf2 66. Qf5+ Ke3 67. Re8+ Kd4 68. Qd5+ Kc3 69. Qd3+ Kb4 70. Qb3+ Kc5 71. Re5+ Kd6 72. Re6+ Kd7 73. Qd3# 1-0